 Dungeon Crawl Stone Soup version 0.20.0-7-g3b7b877 (webtiles) character file.

14763 Minion the Fighter (level 12, -10/130 HPs)
             Began as an Ogre Fire Elementalist on May 29, 2017.
             Was an Elder of Vehumet.
             Killed from afar by a lindwurm (35 damage)
             ... with a blast of flame
             ... on level 2 of the Lair of Beasts.
             The game lasted 00:52:31 (17883 turns).

Minion the Fighter (Ogre Fire Elementalist)        Turns: 17883, Time: 00:52:31

Health: -10/130    AC:  4    Str: 15    XL:     12   Next: 19%
Magic:  26/26      EV: 16    Int: 20    God:    Vehumet [****..]
Gold:   490        SH:  0    Dex: 17    Spells: 19/31 levels left

rFire    . . .     SeeInvis .   x - +3 morningstar (freeze)
rCold    . . .     Gourm    .   (no shield)
rNeg     . . .     Faith    .   a - +0 robe
rPois    .         Spirit   .   (helmet restricted)
rElec    .         Reflect  .   f - +0 cloak
rCorr    .         Harm     .   (gloves unavailable)
MR       +....                  (boots unavailable)
Stlth    ++........             e - amulet of magic regeneration
Regen    0.4/turn               y - +4 ring of dexterity
MPRegen  0.3/turn               p - +4 ring of dexterity

@: no status effects
A: unfitting armour, tough skin 1
a: Renounce Religion


You were on level 2 of the Lair of Beasts.
You worshipped Vehumet.
Vehumet was greatly pleased with you.
You were very hungry.

You visited 3 branches of the dungeon, and saw 11 of its levels.

You collected 545 gold pieces.
You spent 55 gold pieces at shops.

Inventory:

Hand Weapons
 j - a cursed +3 scimitar
 s - a +0 hand crossbow of flaming
 w - a cursed +3 falchion of freezing
 x - a +3 morningstar of freezing (weapon)
 G - a +0 giant spiked club
Armour
 a - a +0 robe (worn)
 f - a +0 cloak (worn)
Magical Staves
 u - an uncursed staff of earth
Jewellery
 e - an amulet of magic regeneration (around neck)
 p - a +4 ring of dexterity (right hand)
 y - a +4 ring of dexterity (left hand)
 I - an uncursed ring of positive energy {unknown}
Wands
 n - a wand of iceblast (5/15)
 F - a wand of clouds (5/9)
Scrolls
 c - 3 scrolls of identify
 g - a scroll of fear {unknown}
 h - 3 scrolls of enchant weapon
 l - 5 scrolls of teleportation {unknown}
 r - a scroll of noise {unknown}
 v - 3 scrolls of remove curse
 z - 2 scrolls of torment {unknown}
 A - a scroll of amnesia {unknown}
 B - 2 scrolls of immolation {unknown}
 H - a scroll of recharging {unknown}
Potions
 d - a potion of mutation {unknown}
 i - a potion of magic {unknown}
 k - 3 potions of might
 m - 2 potions of flight
 q - 2 potions of brilliance
 t - a potion of curing
Books
 b - a book of Flames

   Spells                             Type                      Level
   a - Flame Tongue                   Conjuration/Fire             1
   b - Throw Flame                    Conjuration/Fire             2
   c - Conjure Flame                  Conjuration/Fire             3
   d - Inner Flame                    Hexes/Fire                   3
   e - Sticky Flame                   Conjuration/Fire             4
   f - Fireball                       Conjuration/Fire             5
Comestibles
 o - 2 bread rations
 C - 3 royal jellies
 D - 3 meat rations
 E - 17 fruits


   Skills:
 + Level 11.3 Fighting
 + Level 5.4 Maces & Flails
 + Level 3.1 Armour
 + Level 8.7 Dodging
 - Level 1.4 Stealth
 - Level 0.1 Unarmed Combat
 + Level 10.2 Spellcasting
 - Level 1.0 Conjurations
 + Level 8.8 Fire Magic


You had 19 spell levels left.
You knew the following spells:

 Your Spells              Type           Power        Failure   Level  Hunger
a - Flame Tongue          Conj/Fire      ####.        1%          1    None
b - Throw Flame           Conj/Fire      ####..       1%          2    None
c - Sticky Flame          Conj/Fire      ####....     2%          4    ##.....
d - Fireball              Conj/Fire      ####......   7%          5    ####...


Dungeon Overview and Level Annotations

Branches:
Dungeon (8/15)             Temple (1/1) D:5            Lair (2/6) D:8
  Swamp: Lair:2-4    Shoals: Lair:2-4     Snake: Lair:2-4    Spider: Lair:2-4

Altars:
Ashenzari
Gozag
Hepliaklqana
Uskayaw
Vehumet
Xom
Zin
The Shining One

Shops:
D:5 [   D:7 !(   D:8 *

Annotations:
D:8 1 exclusion
Lair:1 exclusion: oklob plant


Innate Abilities, Weirdness & Mutations

You are too large for most types of armour.
You have tough skin. (AC +1)


Message History

You hit the lindwurm but do no damage.
The lindwurm is moderately wounded.
The lindwurm breathes flames at you. The blast of flame misses you.
You hit the lindwurm but do no damage.
The lindwurm is moderately wounded.
The lindwurm bites you! The lindwurm completely misses you.
The lindwurm claws you but does no damage.
You thump the lindwurm! You freeze the lindwurm.
The lindwurm is heavily wounded.
The lindwurm bites you!
* * * LOW HITPOINT WARNING * * *
The lindwurm claws you!
* * * LOW HITPOINT WARNING * * *
The lindwurm closely misses you.
You hit the lindwurm. You freeze the lindwurm.
The lindwurm is heavily wounded.
The lindwurm breathes flames at you. The blast of flame hits you!
You die...

...........(......'......#.#..#..
.#..##............#........#.....
..........P..............#....P..
.#................#......#....P..
..#....P.##.......#...P..#....#..
............................#.#..
.................................
#.###........###########♣♣#######
### #........#.k@.'....♣♣♣♣.#P♣♣♣
#........#....#.....♣♣......♣
#........#...♣#P.......P...♣♣
#........#%.♣♣♣♣......PP#..♣♣
#........#######++##..PP#P..♣ ##
#.......##.<.P♣.........#♣..♣
.####.......#8....#≈........#♣..♣
........(...#P...P#≈P....P..#♣♣.♣
...#..##.P..'...≈≈#≈≈.♣...P.♣ ♣..


You could see a lindwurm.

Vanquished Creatures
  A hydra (Lair:1)
  A two-headed ogre (D:8)
  4 black mambas
  The ghost of Minion the Scholar of Death, a novice DENe of Kikubaaqudgha (D:7)
  3 spiny frogs
  2 komodo dragons (Lair:1)
  4 hornets (Lair:2)
  4 blink frogs (Lair:1)
  A hippogriff (Lair:2)
  15 yaks
  A hungry ghost (D:8)
  3 porcupines
  6 water moccasins
  2 soldier ants (D:8)
  4 ice beasts
  A sky beast (D:8)
  5 phantoms
  2 orc warriors (D:7)
  2 black bears
  5 centaurs
  8 crocodiles
  A big kobold (D:8)
  8 bullfrogs
  2 scorpions
  9 killer bees (D:8)
  5 wights
  A howler monkey (D:7)
  3 vampire bats (Lair:1)
  2 crimson imps (D:7)
  2 jellies
  A hound (D:7)
  7 orc priests
  A gnoll shaman (D:7)
  An iguana (D:4)
  10 orc wizards
  7 hell rats (Lair:1)
  7 worker ants
  A killer bee zombie (D:8)
  2 worker ant zombies
  Robin (D:2)
  7 gnolls
  A howler monkey zombie (D:8)
  16 adders
  14 river rats (Lair:1)
  A shadow imp (D:7)
  An ooze (D:1)
  An adder zombie (D:6)
  3 adder skeletons
  A worm (D:2)
  4 dart slugs (D:1)
  5 leopard geckos
  24 orcs
  14 giant cockroaches
  9 goblins
  10 hobgoblins
  16 jackals
  7 kobolds
  11 quokkas
  3 ball pythons
  14 bats
  7 frilled lizards
  A jackal zombie (D:5)
  14 rats
330 creatures vanquished.

Vanquished Creatures (others)
  14 plants
14 creatures vanquished.

Grand Total: 344 creatures vanquished

Notes
Turn   | Place    | Note
-------+----------+-------------------------------------------
     0 | D:1      | Minion the Ogre Fire Elementalist began the quest for the Orb.
     0 | D:1      | Reached XP level 1. HP: 16/16 MP: 3/3
   153 | D:1      | Reached skill level 1 in Conjurations
   153 | D:1      | Reached XP level 2. HP: 24/24 MP: 1/5
   172 | D:1      | Learned a level 2 spell: Throw Flame
   550 | D:1      | Reached XP level 3. HP: 26/31 MP: 1/7
  1685 | D:2      | Reached XP level 4. HP: 38/39 MP: 9/9
  1974 | D:2      | Noticed Robin
  1986 | D:2      | Killed Robin
  2686 | D:2      | Found a shimmering altar of Xom.
  2988 | D:2      | Reached XP level 5. HP: 46/46 MP: 5/11
  3223 | D:2      | Reached skill level 1 in Fighting
  3999 | D:4      | Noticed a phantom
  4038 | D:4      | Killed a phantom
  4038 | D:4      | Reached skill level 2 in Fighting
  4038 | D:4      | Reached XP level 6. HP: 23/57 MP: 1/12
  4662 | D:4      | Learned a level 4 spell: Sticky Flame
  4871 | D:4      | Noticed a phantom
  4877 | D:4      | Reached XP level 7. HP: 47/66 MP: 6/14
  5072 | D:4      | Reached skill level 3 in Fighting
  5072 | D:4      | Reached skill level 5 in Spellcasting
  5897 | D:5      | Entered Level 5 of the Dungeon
  6152 | D:5      | Reached skill level 4 in Fighting
  6189 | D:5      | Found a staircase to the Ecumenical Temple.
  6190 | D:5      | Found Yzih's Armour Shop.
  6456 | D:5      | Reached skill level 5 in Fire Magic
  6456 | D:5      | Reached XP level 8. HP: 79/79 MP: 6/16
  6558 | Temple   | Entered the Ecumenical Temple
  6593 | Temple   | Became a worshipper of Vehumet
  6939 | D:6      | Reached skill level 5 in Fighting
  7461 | D:6      | Reached skill level 5 in Dodging
  7571 | D:6      | Reached skill level 6 in Fighting
  7781 | D:6      | Reached XP level 9. HP: 80/89 MP: 12/19
  8067 | D:6      | Reached * piety under Vehumet
  8067 | D:6      | Offered knowledge of Sting by Vehumet.
  8429 | D:7      | Found Huegikan's Distillery.
  8437 | D:7      | Bought a potion of heal wounds for 55 gold pieces
  8560 | D:7      | Noticed Minion's ghost (novice DENe)
  8575 | D:7      | Killed Minion's ghost
  8575 | D:7      | Reached skill level 7 in Fighting
  9407 | D:7      | Found Gudum's Antique Weapon Emporium.
  9538 | D:7      | Reached ** piety under Vehumet
  9538 | D:7      | Offered knowledge of Sandblast by Vehumet.
 10103 | D:8      | Reached skill level 8 in Fighting
 10147 | D:8      | Reached XP level 10. HP: 104/104 MP: 13/22
 10227 | D:8      | Reached skill level 1 in Maces & Flails
 10764 | D:8      | Found a staircase to the Lair.
 11210 | D:8      | Found Eaumaxil's Eclectic Emporium.
 11232 | D:8      | Offered knowledge of Static Discharge by Vehumet.
 11802 | D:8      | Noticed a two-headed ogre
 11819 | D:8      | Killed a two-headed ogre
 11819 | D:8      | Reached skill level 9 in Fighting
 12786 | D:8      | Reached *** piety under Vehumet
 13335 | Lair:1   | Entered Level 1 of the Lair of Beasts
 13648 | Lair:1   | Noticed a black mamba
 13660 | Lair:1   | Killed a black mamba
 13660 | Lair:1   | Reached XP level 11. HP: 87/117 MP: 19/24
 13886 | Lair:1   | Noticed an oklob plant
 14131 | Lair:1   | Learned a level 5 spell: Fireball
 14225 | Lair:1   | Offered knowledge of Ignite Poison by Vehumet.
 14300 | Lair:1   | Reached skill level 10 in Fighting
 14315 | Lair:1   | Reached skill level 1 in Armour
 15148 | Lair:1   | Reached **** piety under Vehumet
 15153 | Lair:1   | Offered knowledge of Lee's Rapid Deconstruction by Vehumet.
 16540 | Lair:2   | Paralysed by a hornet for 3 turns
 16729 | Lair:2   | Reached skill level 5 in Maces & Flails
 16763 | Lair:2   | Reached skill level 10 in Spellcasting
 16797 | Lair:2   | Reached XP level 12. HP: 78/128 MP: 22/26
 16802 | Lair:2   | Reached skill level 11 in Fighting
 17325 | Lair:2   | Noticed an eight-headed hydra
 17360 | Lair:1   | Killed an eight-headed hydra
 17883 | Lair:2   | Killed from afar by a lindwurm

Skill      XL: |  1  2  3  4  5  6  7  8  9 10 11 12 |
---------------+-------------------------------------+-----
Conjurations   | 1 |  1.0
Fire Magic     | 3 4 5 6 8 |  8.8
Dodging        | 2 3 4 5 6 7 8 |  8.7
Spellcasting   | 3 4 5 6 8 9 10 | 10.2
Fighting       | 2 4 6 8 9 10 11 | 11.3
Maces & Flails | 3 5 |  5.4
Armour         | 2 3 |  3.1
Stealth        | |  1.4
Unarmed Combat | |  0.1

Action                   |  1- 3 |  4- 6 |  7- 9 | 10-12 || total
-------------------------+-------+-------+-------+-------++-------
Melee: Unarmed           |    23 |       |       |       ||    23
       Whip              |    60 |   205 |    54 |       ||   319
       Morningstar       |       |       |   122 |   225 ||   347
       Giant spiked club |       |       |       |    20 ||    20
 Cast: Flame Tongue      |    29 |   106 |   164 |   118 ||   417
       Throw Flame       |     2 |     4 |    35 |    31 ||    72
       Sticky Flame      |       |     3 |    14 |    53 ||    70
       Fireball          |       |       |       |    24 ||    24
  Use: Scroll            |       |     3 |     1 |     2 ||     6
       Potion            |       |     2 |     2 |     1 ||     5
 Stab: Sleeping          |     3 |       |     1 |     2 ||     6
       Distracted        |       |       |       |     1 ||     1
  Eat: Chunk             |     3 |     6 |     9 |    19 ||    37
       Bread ration      |       |     1 |     1 |       ||     2
       Meat ration       |       |       |     1 |       ||     1
       Royal jelly       |       |       |     1 |     7 ||     8
Armor: Robe              |    32 |    90 |    72 |    73 ||   267
Dodge: Dodged            |    61 |   156 |   241 |   410 ||   868
